 Dungeon Crawl Stone Soup version 0.18-a0-1628-g61c6396 (webtiles) character file.

28 M4edhros the Sneak (level 3, -1/21 HPs)
             Began as an Octopode Wanderer on Mar 25, 2016.
             Slain by Natasha (9 damage)
             ... on level 2 of the Dungeon.
             The game lasted 00:00:56 (1048 turns).

M4edhros the Sneak (Octopode Wanderer)              Turns: 1048, Time: 00:00:57

Health: -1/21      AC:  1    Str: 15    XL:     3   Next: 14%
Magic:  3/3        EV: 11    Int: 12    God:
Gold:   51         SH:  0    Dex: 10    Spells: 0 memorised, 2 levels left

rFire  . . .     SeeInvis .     a - +2 dagger
rCold  . . .     Gourm    .     (no shield)
rNeg   . . .     Faith    +     (helmet restricted)
rPois  .         Spirit   .     j - amulet of faith
rElec  .         Dismiss  .     (no ring)
rCorr  .         Reflect  .     (no ring)
SustAt .         Harm     .     (no ring)
MR     .....                    (no ring)
Stlth  +++++.....               (no ring)
                                (no ring)
                                (no ring)
                                (no ring)

@: not resistant to hostile enchantments, quite stealthy
A: almost no armour, amphibious, 8 rings, constrict 8, camouflage 1, gelatinous
body 1
a: no special abilities


You were on level 2 of the Dungeon.
You were not hungry.

You visited 1 branch of the dungeon, and saw 2 of its levels.

You collected 51 gold pieces.

Inventory:

Hand Weapons
 a - a +2 dagger (weapon)
 c - a +0 hand crossbow
Missiles
 d - 28 bolts
 q - 16 stones (quivered)
Jewellery
 j - an amulet of faith (around mantle)
Scrolls
 b - a scroll of fear
 g - a scroll of recharging {unknown}
 h - a scroll of random uselessness {unknown}
 i - a scroll of remove curse {unknown}
 l - a scroll of identify {unknown}
 m - a scroll of magic mapping {unknown}
 p - a scroll of enchant weapon {unknown}
Potions
 e - a potion of curing
 o - 2 potions of lignification {unknown}
Comestibles
 f - 2 bread rations
 k - a meat ration


   Skills:
   Level 2.0 Polearms
   Level 3.0 Bows
 + Level 6.8 Stealth
   Level 1.1 Evocations


You had 2 spell levels left.
You didn't know any spells.

Dungeon Overview and Level Annotations

Branches:
Dungeon (2/15)

Altars:

Annotations:
D:2 Natasha


Innate Abilities, Weirdness & Mutations

You cannot wear most types of armour.
You are amphibious.
You can wear up to eight rings at the same time.
You can use your tentacles to constrict eight enemies at once.
Your skin changes colour to match your surroundings (Stealth).
Your rubbery body absorbs attacks (AC +1).


Message History

You hit Natasha. Your grab misses Natasha.
Natasha is lightly wounded.
Natasha barely misses you.
You hit Natasha but do no damage. You grab Natasha.
Natasha is lightly wounded.
You constrict Natasha. Natasha casts a spell at you. The magic dart hits you!
You hit Natasha but do no damage.
Natasha is lightly wounded.
You constrict Natasha.
Natasha stares at you and mumbles some strange words.
The magic dart hits you!
You hit Natasha.
Natasha is moderately wounded.
You constrict Natasha. Natasha completely misses you.
You hit Natasha but do no damage.
Natasha is heavily wounded.
You constrict Natasha. Natasha claws you!
You die...

.######.. #
....#.... #.
#...%....#
.##...8.....
.^..8.8..#
#..8._.8.#
#.h.8.8..#
#.@..8...#
#........#
#....?.#.#
#......#.#
#......#.#
..##...†..#.#
#.......###.# #
#######..##.###...
#####........#


You could see Natasha.

Vanquished Creatures
  A dart slug (D:1)
  A ball python (D:1)
  5 giant cockroaches (D:1)
  2 goblins (D:1)
  4 hobgoblins (D:1)
  3 bats
  2 giant newts (D:1)
  A kobold (D:1)
  5 rats
24 creatures vanquished.

Notes
Turn   | Place    | Note
--------------------------------------------------------------
     0 | D:1      | M4edhros the Octopode Wanderer began the quest for the Orb.
     0 | D:1      | M4edhros set off with: a +2 dagger, a scroll of fear, a +0 hand crossbow, 28 bolts, a potion of curing, a bread ration
     0 | D:1      | Reached XP level 1. HP: 11/11 MP: 1/1
    54 | D:1      | Reached skill level 6 in Stealth
    54 | D:1      | Reached XP level 2. HP: 13/17 MP: 2/2
   523 | D:1      | Reached XP level 3. HP: 11/21 MP: 3/3
  1037 | D:2      | Found a faded altar to an unknown god.
  1038 | D:2      | Noticed Natasha
  1048 | D:2      | Slain by Natasha

Vault maps used:
D:1:      onia_arrival_larder, roderic_lattice_a
D:2:      ecumenical_altar_2, uniq_natasha

Skill      XL: |  1 |
---------------+----+-----
Stealth        | 6 |  6.8
Polearms       | |  2.0
Bows           | |  3.0
Evocations     | |  1.1

Action                   || total
-------------------------++-------
Melee: Dagger            ||    52
 Stab: Sleeping          ||    10
